 Dungeon Crawl Stone Soup version 0.23.1 (webtiles) character file.

Game seed: 8574062156795118324

5868 OdinFK the Thaumaturge (level 10, -4/52 HPs)
             Began as a Deep Elf Fire Elementalist on Mar 5, 2019.
             Was a Priest of Vehumet.
             Slain by a gnoll
             ... wielding a +0 whip
              (6 damage)
             ... on level 8 of the Dungeon.
             The game lasted 00:42:29 (6655 turns).

OdinFK the Thaumaturge (Deep Elf Fire Elementalist) Turns: 6655, Time: 00:42:30

Health: -4/52      AC:  4    Str:  5    XL:     10   Next: 52%
Magic:  9/28       EV: 16    Int: 24    God:    Vehumet [***...]
Gold:   537        SH:  0    Dex: 15    Spells: 17/33 levels left

rFire    . . .     SeeInvis .   B - staff of wizardry
rCold    + . .     Gourm    .   (no shield)
rNeg     . . .     Faith    .   a - +0 robe
rPois    .         Spirit   .   e - +2 hat
rElec    .         Reflect  .   (no cloak)
rCorr    .         Harm     .   (no gloves)
MR       +....                  (no boots)
Stlth    ++........             p - amulet of magic regeneration
HPRegen  0.17/turn              d - +2 ring of evasion
MPRegen  0.46/turn              g - ring of protection from cold

@: no status effects
A: no striking features
a: Renounce Religion


You were on level 8 of the Dungeon.
You worshipped Vehumet.
Vehumet was most pleased with you.
You were not hungry.

You visited 2 branches of the dungeon, and saw 9 of its levels.
You also visited: Sewer and Bailey.

You collected 537 gold pieces.

Inventory:

Hand Weapons
 o - a +0 short sword of electrocution
Missiles
 E - 33 tomahawks of returning (quivered)
Armour
 a - a +0 robe (worn)
 e - a +2 hat (worn)
Magical Staves
 B - an uncursed staff of wizardry (weapon)
Jewellery
 b - an uncursed ring of stealth
 d - a +2 ring of evasion (left hand)
 g - a ring of protection from cold (right hand)
 p - an amulet of magic regeneration (around neck)
 w - an uncursed ring of wizardry
Wands
 t - a wand of polymorph (7)
Scrolls
 f - 2 scrolls of fear {unknown}
 j - 5 scrolls of remove curse
 n - 2 scrolls of fog {unknown}
 q - 3 scrolls of acquirement
 r - a scroll of immolation
 s - 2 scrolls of amnesia {unknown}
 v - a scroll of magic mapping {unknown}
 y - 2 scrolls of enchant armour {unknown}
 A - a scroll of enchant weapon {unknown}
 C - a scroll of identify
 D - a scroll of holy word {unknown}
Potions
 h - 2 potions of heal wounds
 k - 6 potions of curing
 l - 2 potions of flight
 m - 2 potions of magic
 u - a potion of lignification
 x - 4 potions of brilliance
 z - a potion of haste {unknown}
 F - a potion of resistance {unknown}
 G - a potion of agility {unknown}
 H - a potion of experience {unknown}
Comestibles
 c - 11 rations
 i - 3 chunks of flesh


   Skills:
 + Level 1.0 Fighting
 + Level 0.2 Short Blades
 + Level 3.6 Dodging
 - Level 2.4 Stealth
 + Level 12.0 Spellcasting
 + Level 9.9 Conjurations
 + Level 9.8 Fire Magic
 - Level 3.0 Evocations


You had 17 spell levels left.
You knew the following spells:

 Your Spells              Type           Power        Failure   Level  Hunger
a - Flame Tongue          Conj/Fire      #####        1%          1    None
b - Throw Flame           Conj/Fire      ######       1%          2    None
c - Conjure Flame         Conj/Fire      ######..     1%          3    None
d - Sticky Flame          Conj/Fire      ######..     1%          4    None
e - Fireball              Conj/Fire      ######....   1%          5    ###....
f - Magic Dart            Conj           ####         1%          1    None

Your spell library contained the following spells:

 Spells                   Type           Power        Failure   Level  Hunger
 Iskenderun's Mystic Bla  Conj           ######..     1%          4    None
 Infusion                 Chrm           ##..         1%          1    None
 Summon Small Mammal      Summ           ##..         1%          1    None
 Inner Flame              Hex/Fire       #####...     1%          3    None
 Call Imp                 Summ           ##......     2%          2    None
 Shroud of Golubria       Chrm/Tloc      ##........   2%          2    None
 Song of Slaying          Chrm           ##......     2%          2    None
 Call Canine Familiar     Summ           ##......     5%          3    None
 Regeneration             Chrm/Necr      ##........   5%          3    None
 Spectral Weapon          Hex/Chrm       ##......     5%          3    None
 Summon Guardian Golem    Hex/Summ       ##......     5%          3    None
 Summon Ice Beast         Ice/Summ       ##......     16%         4    None
 Summon Lightning Spire   Summ/Air       ##......     16%         4    None


Dungeon Overview and Level Annotations

Branches:
Dungeon (8/15)             Temple (1/1) D:5
   Lair: D:8-11

Altars:
Ashenzari
Cheibriados
Dithmenos
Elyvilon
Fedhas
Gozag
Hepliaklqana
Kikubaaqudgha
Makhleb
Nemelex Xobeh
Okawaru
Qazlal
Ru
Sif Muna
Trog
Uskayaw
Vehumet
Wu Jian
Xom
Yredelemnul
Zin
The Shining One

Shops:
D:6 }

Annotations:
D:3 3 runed translucent doors, P0WERM0DE's ghost, amateur DsFi


Message History

Aim: an efreet, wielding a +1 scimitar of flaming The magic dart hits the efreet but does no damage.
The efreet gestures at you.
The fireball explodes!
The fireball engulfs you!!
Okay, then.
Aiming: Polymorph
Press: ? - help, Shift-Dir - straight line, f/p - efreet
Aim: an efreet, wielding a +1 scimitar of flaming (chance to defeat MR: 54%)
The efreet resists with significant effort.
Evoke which item? (* to show all) (? for menu, Esc to quit)
Aiming: Polymorph
Press: ? - help, Shift-Dir - straight line, f/p - efreet
Aim: an efreet, wielding a +1 scimitar of flaming (chance to defeat MR: 54%)
The efreet resists with significant effort.
The efreet hits you with a +1 scimitar of flaming!
* * * LOW HITPOINT WARNING * * *
The efreet burns you.
* * * LOW HITPOINT WARNING * * *
The gnoll hits you with a +0 whip.
You die...

######.#########..#
..................#
+#####'#####+###..#
##†## ##.##..#
#.#.###.#.#..#
#.#.'##.##'..#
#.#.#.#.###..#
.#.###.## #..# #+#
###+###@.# .."
#8...8#Rg# ..}.#.
#..#○.#####.#
zTa.###)†........#
#..#.†#...######
#8...8#...#
###'###...# #.[?
#...# #.#.#.#...#


You could see an efreet and a gnoll.

Vanquished Creatures
  An orc warlord (Bailey)
  A troll (D:8)
  A hippogriff (D:8)
  A steam dragon (D:8)
  Menkaure (D:4)
  Edmund (D:4)
  6 orc warriors
  2 sky beasts
  3 ogres
  2 ice beasts
  A necrophage (D:6)
  3 phantoms
  3 centaurs
  2 big kobolds
  7 bullfrogs
  3 scorpions
  4 killer bees (D:7)
  5 wights
  5 howler monkeys
  A crimson imp (D:8)
  A bullfrog zombie (D:4)
  2 jellies
  2 orc priests
  3 hounds
  A centaur skeleton (D:5)
  3 iguanas
  An orc wizard (D:4)
  7 worker ants
  A hound skeleton (D:7)
  2 gnolls (Bailey)
  7 adders
  A river rat (D:3)
  2 shadow imps
  A white imp (D:7)
  2 oozes
  3 adder skeletons
  2 worms
  3 dart slugs
  5 leopard geckos
  24 orcs
  3 ball pythons (Sewer)
  9 giant cockroaches
  10 goblins
  6 hobgoblins
  5 jackals
  4 quokkas
  9 bats
  9 frilled lizards
  42 kobolds
  A quokka skeleton (D:7)
  A quokka zombie (D:7)
  9 rats
  A plant (D:6)
235 creatures vanquished.

Notes
Turn   | Place    | Note
-------+----------+-------------------------------------------
     0 | D:1      | OdinFK the Deep Elf Fire Elementalist began the quest for
                  | the Orb.
     0 | D:1      | Reached XP level 1. HP: 10/10 MP: 6/6
     0 | D:1      | Noticed a ghoul
     2 | D:1      | Noticed a spriggan
     2 | D:1      | Noticed an octopode
     5 | D:1      | Noticed a ghoul
     6 | D:1      | Noticed a human
     7 | D:1      | Noticed a ghoul
    10 | D:1      | Noticed a vampire
    12 | D:1      | Noticed a centaur
    14 | D:1      | Noticed a gargoyle
    16 | D:1      | Noticed an octopode
    16 | D:1      | Noticed a minotaur
    16 | D:1      | Noticed a ghoul
    18 | D:1      | Noticed a formicid
    20 | D:1      | Noticed a troll
   209 | D:1      | Reached XP level 2. HP: 15/15 MP: 0/8
   213 | D:1      | Learned a level 2 spell: Throw Flame
   844 | D:2      | Reached XP level 3. HP: 17/19 MP: 2/9
  1012 | D:2      | Found a stormy altar of Qazlal.
  1384 | D:2      | Learned a level 3 spell: Conjure Flame
  1388 | D:3      | Reached XP level 4. HP: 24/24 MP: 3/11
  1449 | D:3      | Noticed P0WERM0DE's ghost (amateur DsFi)
  1472 | D:3      | Found a runed translucent gate.
  1472 | D:3      | Found a runed translucent gate.
  1472 | D:3      | Found a runed translucent gate.
  1511 | D:3      | Reached skill level 4 in Spellcasting
  1749 | D:3      | Found a glowing drain.
  1759 | Sewer    | Entered a sewer
  1765 | Sewer    | Reached XP level 5. HP: 28/28 MP: 8/13
  1993 | Sewer    | Reached skill level 5 in Spellcasting
  1993 | Sewer    | Reached XP level 6. HP: 23/32 MP: 9/15
  2242 | D:3      | Found a burning altar of Makhleb.
  2257 | D:3      | Learned a level 4 spell: Sticky Flame
  2263 | D:3      | Learned a level 5 spell: Fireball
  2457 | D:4      | Found a deep blue altar of Sif Muna.
  2464 | D:4      | Reached skill level 5 in Conjurations
  2464 | D:4      | Reached skill level 5 in Fire Magic
  2483 | D:4      | Reached skill level 6 in Spellcasting
  2483 | D:4      | Reached XP level 7. HP: 37/37 MP: 8/18
  2530 | D:4      | Noticed Menkaure
  2876 | D:4      | Noticed Edmund
  2888 | D:4      | Killed Edmund
  2997 | D:4      | Killed Menkaure
  2997 | D:4      | Reached skill level 1 in Fighting
  3003 | D:4      | Reached XP level 8. HP: 24/43 MP: 0/20
  3173 | D:4      | Identified 3 scrolls of acquirement
  3187 | D:5      | Entered Level 5 of the Dungeon
  3222 | D:5      | Reached skill level 7 in Spellcasting
  3261 | D:5      | Found a glowing golden altar of the Shining One.
  3446 | D:5      | Reached skill level 8 in Spellcasting
  3468 | D:5      | Found a sacrificial altar of Ru.
  3509 | D:5      | Found a staircase to the Ecumenical Temple.
  3571 | D:5      | Found a shimmering altar of Xom.
  3571 | D:5      | Found a shimmering altar of Xom.
  3615 | Temple   | Entered the Ecumenical Temple
  3772 | Temple   | Became a worshipper of Vehumet
  3953 | D:5      | Found a shimmering altar of Xom.
  4272 | D:6      | Reached skill level 9 in Spellcasting
  4274 | D:6      | Found Ried Iplaeg's Gadget Shop.
  4325 | D:6      | Reached XP level 9. HP: 32/47 MP: 9/24
  4404 | D:6      | Reached * piety under Vehumet
  4404 | D:6      | Offered knowledge of Sandblast by Vehumet.
  4585 | D:6      | Reached skill level 1 in Evocations
  4884 | D:6      | Found a snail-covered altar of Cheibriados.
  5243 | D:7      | Reached ** piety under Vehumet
  5321 | D:7      | Offered knowledge of Magic Dart by Vehumet.
  5346 | D:7      | Reached skill level 10 in Spellcasting
  5391 | D:7      | Found a basalt altar of Yredelemnul.
  5465 | D:7      | Found a shadowy altar of Dithmenos.
  5807 | D:7      | Learned a level 1 spell: Magic Dart
  6043 | D:8      | Found a flagged portal.
  6077 | Bailey   | Entered a bailey
  6103 | Bailey   | Reached skill level 11 in Spellcasting
  6134 | Bailey   | Noticed an orc warlord
  6168 | Bailey   | Offered knowledge of Static Discharge by Vehumet.
  6256 | Bailey   | Reached XP level 10. HP: 52/52 MP: 12/27
  6284 | Bailey   | Found a runed translucent gate.
  6286 | Bailey   | Found a runed translucent gate.
  6287 | Bailey   | Found a runed translucent gate.
  6292 | Bailey   | Reached *** piety under Vehumet
  6430 | Bailey   | Killed an orc warlord
  6638 | D:8      | Reached skill level 12 in Spellcasting
  6647 | D:8      | Offered knowledge of Iskenderun's Mystic Blast by Vehumet.
  6655 | D:8      | HP: 2/52 [efreet/+1 scimitar of flaming (3)]
  6655 | D:8      | Slain by a gnoll

Skill      XL: |  1  2  3  4  5  6  7  8  9 10 |
---------------+-------------------------------+-----
Conjurations   | 2 3 4 5 6 7 8 9 |  9.9
Fire Magic     | 4 5 6 7 9 |  9.8
Spellcasting   | 4 5 6 9 11 12 | 12.0
Dodging        | 3 |  3.6
Fighting       | 1 |  1.0
Evocations     | 3 |  3.0
Short Blades   | |  0.2
Stealth        | |  2.4

Action                   |  1- 3 |  4- 6 |  7- 9 | 10-12 || total
-------------------------+-------+-------+-------+-------++-------
Melee: Dagger            |    13 |    19 |       |       ||    32
       Short sword       |       |       |     3 |       ||     3
 Cast: Flame Tongue      |    34 |    73 |   153 |    24 ||   284
       Throw Flame       |    29 |    30 |    59 |     6 ||   124
       Conjure Flame     |       |     1 |     4 |     2 ||     7
       Sticky Flame      |       |       |    26 |     4 ||    30
       Fireball          |       |       |    19 |    11 ||    30
       Magic Dart        |       |       |       |     6 ||     6
Evoke: Wand              |       |       |     2 |     2 ||     4
  Use: Scroll            |       |     5 |     5 |     3 ||    13
       Potion            |       |       |       |     2 ||     2
 Stab: Sleeping          |     1 |       |       |       ||     1
  Eat: Chunk             |     2 |     4 |    17 |     2 ||    25
Armor: Robe              |       |    11 |    12 |     3 ||    26
Dodge: Dodged            |    19 |    46 |    52 |     6 ||   123
